 Dungeon Crawl Stone Soup version 0.27-a0-1149-g4505690ab0 (webtiles) character file.

Game seed: 2860286871140489442

24126 HoaS the Impaler (level 13, -1/117 HPs)
             Began as a Tengu Berserker on May 13, 2021.
             Was an Elder of Trog.
             Slain by a wolf (4 damage)
             ... on level 1 of the Lair of Beasts.
             The game lasted 00:41:13 (16075 turns).

HoaS the Impaler (Tengu Berserker)                 Turns: 16075, Time: 00:41:13

Health: -1/117     AC: 17    Str: 22    XL:     13   Next: 11%
Magic:  14/14      EV: 10    Int:  7    God:    Trog [****..]
Gold:   169        SH:  0    Dex: 15    Spells: 12/12 levels left

rFire    . . .     SeeInvis .   w - +1 bardiche (venom)
rCold    . . .     Faith    .   (shield currently unavailable)
rNeg     + . .     Spirit   .   n - +1 plate armour
rPois    .         Reflect  .   B - +2 hat
rElec    .         Harm     .   D - +1 cloak
rCorr    +         Rampage  .   (no gloves)
Will     .....                  (boots unavailable)
Stlth    ..........             i - amulet of regeneration
HPRegen  1.29/turn              A - ring of positive energy
MPRegen  0.14/turn              o - ring of resist corrosion

@: berserking, lethally poisoned (-1 -> -26), flying quickly and evasively, very
quick
A: beak, talons 3, nimble flight
a: Renounce Religion, Berserk, Trog's Hand, Brothers in Arms


You were on level 1 of the Lair of Beasts.
You worshipped Trog.
Trog was greatly pleased with you.
You visited 3 branches of the dungeon, and saw 14 of its levels.

You collected 706 gold pieces.
You spent 537 gold pieces at shops.

Inventory:

Hand Weapons
 k - a +4 trident of venom
 w - a +1 bardiche of venom (weapon)
Missiles
 q - 3 throwing nets
 v - 6 curare-tipped darts
 x - 5 atropa-tipped darts
Armour
 n - a +1 plate armour (worn)
 B - a +2 hat (worn)
 D - a +1 cloak (worn)
Jewellery
 b - a ring of see invisible
 i - an amulet of regeneration (around neck)
 o - a ring of resist corrosion (right hand)
 s - a ring of fire
 A - a ring of positive energy (left hand)
Wands
 j - a wand of acid (1) (quivered)
 u - a wand of polymorph (10)
 C - a wand of charming (6)
 H - a wand of flame (8)
Scrolls
 a - a scroll of amnesia
 g - 3 scrolls of fear
 l - 3 scrolls of summoning
 m - a scroll of identify
 t - a scroll of magic mapping
 y - a scroll of teleportation
Potions
 c - 4 potions of berserk rage
 d - a potion of attraction
 e - a potion of invisibility
 f - 2 potions of lignification
 h - 7 potions of curing
 p - a potion of mutation
 r - a potion of haste
 z - a potion of resistance
 E - a potion of heal wounds
 G - a potion of degeneration


   Skills:
 - Level 7.8 Fighting
 + Level 19.4 Polearms
 - Level 5.9 Armour
 - Level 5.9 Dodging


You had 12 spell levels left.
You didn't know any spells.
Your spell library was empty.

Dungeon Overview and Level Annotations

Branches:
Dungeon (11/15)            Temple (1/1) D:6            Lair (2/6) D:11
    Orc (0/2) D:10
  Swamp: Lair:2-4    Shoals: Lair:2-4     Snake: Lair:2-4    Spider: Lair:2-4

Altars:
Ashenzari
Cheibriados
Dithmenos
Elyvilon
Fedhas
Gozag
Hepliaklqana
Kikubaaqudgha
Makhleb
Nemelex Xobeh
Okawaru
Qazlal
Ru
Sif Muna
Trog
Uskayaw
Vehumet
Wu Jian
Xom
Yredelemnul
Zin
The Shining One

Shops:
D:7 *   D:8 (*::*   D:11 =

Annotations:
D:8 3 runed translucent doors, st0uf's ghost, novice DrTm
D:11 3 runed translucent doors


Innate Abilities, Weirdness & Mutations

You have a beak for a mouth.
You have claws for feet.
Your magical nature lets you fly swiftly and evasively.


Message History

The black mamba bites you but does no damage.
A wolf comes into view.
The black mamba bites you but does no damage.
There is a stone staircase leading up here.
You feel very sick.
The wolf howls!
The wolf bites you.
The wolf bites you but does no damage. x3
The black mamba bites you.
You are more poisoned.
The black mamba poisons you! The black mamba bites you.
You are more poisoned.
The black mamba poisons you! The wolf bites you but does no damage.
The wolf closely misses you. x2; The wolf bites you but does no damage.
The black mamba bites you!
You are more poisoned.
The black mamba poisons you!
You fly upwards.
* * * LOW HITPOINT WARNING * * *
You feel extremely sick.
There is a stone staircase leading down, spattered with blood here.
You feel much better.
You feel extremely sick. The black mamba closely misses you.
The wolf bites you but does no damage. The wolf closely misses you.
The wolf barely misses you. The wolf misses you. The black mamba bites you!
* * * LOW HITPOINT WARNING * * *
The black mamba bites you but does no damage.
The wolf bites you but does no damage. The wolf bites you.
* * * LOW HITPOINT WARNING * * *
The wolf closely misses you.
A red film seems to cover your vision as you go berserk!
You feel yourself moving faster!
You feel mighty!
* * * LOW HITPOINT WARNING * * *
You feel extremely sick. The black mamba closely misses you.
The wolf closely misses you. The black mamba barely misses you.
The wolf bites you but does no damage. The wolf completely misses you.
The black mamba bites you.
* * * LOW HITPOINT WARNING * * *
The wolf bites you but does no damage. The wolf bites you.
You die...

# #.# ##.........#..####. # #.#
#.###.###....# #P. ##### #.#
#.#####.###..# ### #.#.### #.##
#............## ......## #.P#
##..P#.#####.#.# ...P#..#
#.####...#### #.### # .#.##.##
#.....#.)# #.###### ##.##.#
#####.#hh# #....... #.##.##
##.#@h## ####..####. ##.##..###
#..SSh.####.##.## ## .........#
#..........>...#
##.##.#..####.....##..##P..######
.....#.#.##P.###...#####.........
.(..###....................P####P
...####......#P###.####....## ##
.....##...###### ### #......#
.......#..# #.#########....##


You could see 2 black mambas and 4 wolves.

Vanquished Creatures
  A sphinx (D:10)
  Gastronok (D:8)
  A stone giant (D:10)
  A hydra (Lair:1)
  Harold (D:8)
  Erica (D:8)
  A centaur warrior (D:10)
  A two-headed ogre (D:11)
  A death knight (D:10)
  Nergalle (Lair:1)
  A glowing orange brain (D:10)
  Pikel (D:7)
  A manticore (D:11)
  An ugly thing (D:11)
  2 oklob plants (D:11)
  A gargoyle (D:11)
  4 cane toads (Lair:1)
  Maggie (D:6)
  A komodo dragon (Lair:1)
  A troll (D:6)
  A slime creature (D:10)
  A shadow (D:10)
  A wraith (D:6)
  A vampire (D:11)
  2 wyverns
  Eustachio (D:9)
  25 yaks
  2 steam dragons
  4 water moccasins
  Duvessa (D:7)
  Edmund (D:5)
  5 orc warriors
  An ice beast (D:6)
  A black bear (D:8)
  4 necrophages
  4 sky beasts
  2 wolves (Lair:1)
  An ogre (D:5)
  3 centaurs
  A phantom (D:4)
  A lemure (D:7)
  2 kobold brigands (D:7)
  7 bullfrogs
  2 scorpions
  3 gnoll sergeants
  Dowan (D:7)
  A water moccasin zombie (D:7)
  A wyvern skeleton (D:7)
  10 killer bees (D:9)
  3 howler monkeys (D:11)
  6 wights (D:8)
  2 electric eels (D:7)
  2 centaur zombies
  2 hounds
  4 jellies
  7 orc priests
  A bullfrog skeleton (D:5)
  2 centaur skeletons
  Jessica (D:3)
  5 iguanas
  5 orc wizards
  A hound zombie (D:5)
  A mummy (D:9)
  2 howler monkey zombies
  13 gnolls
  5 adders
  2 white imps
  2 worms (D:5)
  7 dart slugs
  42 orcs
  3 endoplasms
  A giant cockroach (D:4)
  3 goblins
  9 hobgoblins
  5 jackals
  7 kobolds
  3 quokkas
  7 ball pythons
  6 bats
  2 frilled lizards
  6 rats
281 creatures vanquished.

Vanquished Creatures (others)
  A fungus (Lair:2)
  12 plants
13 creatures vanquished.

Grand Total: 294 creatures vanquished

Notes
Turn   | Place    | Note
-------+----------+-------------------------------------------
     0 | D:1      | HoaS the Tengu Berserker began the quest for the Orb.
     0 | D:1      | Reached XP level 1. HP: 14/14 MP: 2/2
   140 | D:1      | Found a faded altar of an unknown god.
   168 | D:1      | Reached XP level 2. HP: 7/19 MP: 3/3
   402 | D:1      | Reached skill level 4 in Polearms
  1091 | D:2      | Reached XP level 3. HP: 22/23 MP: 4/4
  1147 | D:2      | Reached ** piety under Trog
  1346 | D:2      | Reached skill level 5 in Polearms
  1394 | D:2      | Found a blossoming altar of Fedhas.
  1581 | D:3      | Reached XP level 4. HP: 28/28 MP: 5/5
  1930 | D:3      | Noticed Jessica
  1938 | D:3      | Killed Jessica
  1939 | D:3      | Reached skill level 6 in Polearms
  1939 | D:3      | Gained mutation: Your magical nature lets you fly swiftly
                  | and evasively. [Tengu growth]
  1939 | D:3      | Reached XP level 5. HP: 32/32 MP: 6/6
  1968 | D:3      | Reached skill level 7 in Polearms
  2357 | D:3      | Reached XP level 6. HP: 35/37 MP: 7/7
  3010 | D:4      | Reached *** piety under Trog
  3142 | D:4      | Noticed a necrophage
  3159 | D:4      | Killed a necrophage
  3160 | D:4      | Reached skill level 8 in Polearms
  3160 | D:4      | Reached XP level 7. HP: 41/41 MP: 8/8
  4011 | D:5      | Entered Level 5 of the Dungeon
  4060 | D:5      | Identified the +4 rapier "Bosib" {flame, Str+5}
  4087 | D:4      | Reached skill level 9 in Polearms
  4703 | D:5      | Noticed Edmund
  4712 | D:5      | Killed Edmund
  4772 | D:5      | Reached skill level 10 in Polearms
  4775 | D:5      | Reached XP level 8. HP: 40/46 MP: 9/9
  5322 | D:6      | Reached skill level 11 in Polearms
  5324 | D:6      | Reached **** piety under Trog
  5338 | D:6      | Found a staircase to the Ecumenical Temple.
  5341 | D:6      | Noticed Maggie
  5837 | D:6      | Killed Maggie
  5838 | D:6      | Reached skill level 12 in Polearms
  5907 | D:6      | Reached XP level 9. HP: 50/50 MP: 10/10
  5975 | Temple   | Entered the Ecumenical Temple
  6610 | D:7      | Noticed a troll
  6627 | D:6      | Killed a troll
  6628 | D:6      | Reached skill level 13 in Polearms
  7458 | D:6      | Reached skill level 14 in Polearms
  7924 | D:7      | Identified the +4 whip "Ysifyph" {freeze, rC+}
  8154 | D:7      | Noticed Duvessa
  8154 | D:7      | Noticed Dowan
  8160 | D:7      | Killed Duvessa
  8161 | D:7      | Reached XP level 10. HP: 53/57 MP: 11/11
  8172 | D:7      | Killed Dowan
  8180 | D:7      | Noticed Pikel
  8201 | D:7      | Killed Pikel
  8202 | D:7      | Reached skill level 5 in Fighting
  8477 | D:7      | Found Cuxu Lyg's General Store.
  9304 | D:8      | Found Zeyboymn's Book Shop.
  9331 | D:8      | Found Zodoar's Assorted Antiques.
  9734 | D:8      | Found Izemeg's Book Boutique.
  9739 | D:8      | Reached skill level 5 in Armour
  9739 | D:8      | Reached skill level 5 in Dodging
  9839 | D:8      | Noticed Harold
  9855 | D:8      | Killed Harold
  9882 | D:8      | Found Byfol's Assorted Antiques.
  9889 | D:8      | Noticed Erica
  9906 | D:8      | Killed Erica
  9907 | D:8      | Reached XP level 11. HP: 68/68 MP: 12/12
  9954 | D:8      | Found Qauhosch's Weapon Shop.
  9961 | D:8      | Bought a +0 bardiche for 117 gold pieces
 10202 | D:8      | Noticed Gastronok
 10217 | D:8      | HP: 1/68 [Gastronok/the air (17)]
 10218 | D:8      | Killed Gastronok
 10551 | D:8      | Found a runed translucent gate.
 10552 | D:8      | Found a runed translucent gate.
 10553 | D:8      | Found a runed translucent gate.
 10554 | D:8      | Noticed st0uf's ghost (novice DrTm)
 10554 | D:8      | Noticed a nine-headed hydra
 10914 | D:9      | Found a snail-covered altar of Cheibriados.
 10993 | D:9      | Reached skill level 15 in Polearms
 11533 | D:9      | Noticed Eustachio
 11751 | D:9      | Killed Eustachio
 12094 | D:10     | Entered Level 10 of the Dungeon
 12913 | D:10     | Found a staircase to the Orcish Mines.
 13027 | D:10     | Found a runed translucent door.
 13027 | D:10     | Noticed a centaur warrior
 13028 | D:10     | Noticed a sphinx
 13032 | D:10     | Killed a centaur warrior
 13601 | D:10     | Noticed a death knight
 13615 | D:10     | Killed a death knight
 13616 | D:10     | Reached skill level 16 in Polearms
 13632 | D:10     | Noticed a stone giant
 13715 | D:10     | Killed a stone giant
 13797 | D:10     | Killed a sphinx
 13798 | D:10     | Reached skill level 17 in Polearms
 13798 | D:10     | Reached XP level 12. HP: 41/73 MP: 13/13
 14004 | D:7      | Bought an amulet of regeneration for 420 gold pieces
 14196 | D:11     | Found Vobinama's Jewellery Shoppe.
 14308 | D:11     | Noticed a two-headed ogre
 14313 | D:11     | Killed a two-headed ogre
 14428 | D:11     | Found a staircase to the Lair.
 14799 | D:11     | Found a runed translucent gate.
 14799 | D:11     | Found a runed translucent gate.
 14799 | D:11     | Found a runed translucent gate.
 14828 | D:11     | Reached skill level 18 in Polearms
 15063 | Lair:1   | Entered Level 1 of the Lair of Beasts
 15450 | Lair:1   | Noticed Nergalle
 15470 | Lair:1   | Killed Nergalle
 15495 | Lair:1   | Reached skill level 19 in Polearms
 15501 | Lair:1   | Reached XP level 13. HP: 72/78 MP: 14/14
 16075 | Lair:1   | HP: 3/117 [black mamba (6)]
 16075 | Lair:1   | Slain by a wolf

Illustrated notes

Levels and vault maps discovered:
D:1:      roderic_crop_circles_arrival_large, layout_basic,
          ebering_ecumenical_altar_rust
D:2:      layout_rooms, basic_altar
D:3:      kb_forest_paths, layout_basic, uniq_jessica
D:4:      layout_layer_cave, grunt_decor_fettered
D:5:      layout_rooms, serial_corexii_hall, chequers_hall_statues_wall_a,
          chequers_hall_statues_wall_a, uniq_edmund
D:6:      layout_basic, minmay_temple_entry_butterflies, uniq_maggie
D:7:      cheibrodos_fzero, layout_rooms, serial_bayou, serial_bayou_pond_b,
          serial_bayou_crossing, serial_bayou_pond_e, serial_bayou_shore_b,
          serial_shops, shop, grunt_ministairs_8, uniq_pikel, uniq_duvessa
D:8:      layout_loops_cross, gammafunk_ghost_hydra_chop, serial_shops, shop,
          shop, kennysheep_mini_moat, shop_fountains, shop_fountains,
          uniq_harold, uniq_erica, uniq_gastronok
D:9:      layout_small_grid, slow_altar_1, roderic_serpentine_path,
          sword_in_stone
D:10:     layout_loops_corners, dk_noncrumbling_2, minivault_13
D:11:     layout_loops_ring, dpeg_oklobed_lair, serial_shops, shop,
          ploomutoo_gammafunk_ghost_potion_laboratory
Temple:   minmay_crystal_snake_temple
Lair:1:   layout_loops_ring, uniq_nergalle
Lair:2:   layout_roguey

Skill      XL: |  1  2  3  4  5  6  7  8  9 10 11 12 |
---------------+-------------------------------------+-----
Polearms       | 4 5 6 7 8 10 12 14 17 19 | 19.4
Fighting       | 4 7 |  7.8
Armour         | 3 5 |  5.9
Dodging        | 3 5 |  5.9

Action                   |  1- 3 |  4- 6 |  7- 9 | 10-12 | 13-15 || total
-------------------------+-------+-------+-------+-------+-------++-------
Melee: Spear             |   108 |   121 |    50 |       |       ||   279
       Peck              |    20 |    19 |    36 |    93 |     7 ||   175
       Kick              |    20 |    31 |    58 |   146 |    14 ||   269
       Trident           |       |       |   169 |   182 |     4 ||   355
       Bardiche          |       |       |       |   303 |    28 ||   331
Throw: Dart              |       |       |       |     2 |       ||     2
       Throwing net      |       |       |       |     1 |       ||     1
Invok: Berserk           |     1 |     2 |     5 |     4 |     2 ||    14
       Trog's Hand       |       |     1 |     2 |     6 |     1 ||    10
Evoke: Wand              |       |       |     1 |     4 |       ||     5
  Use: Scroll            |     6 |     2 |    10 |    14 |     2 ||    34
       Potion            |       |       |     1 |     2 |     1 ||     4
Armor: Animal skin       |     5 |       |       |       |       ||     5
       Chain mail        |    20 |    30 |    10 |       |       ||    60
       Scale mail        |       |       |     9 |       |       ||     9
       Steam dragon scal |       |       |    35 |       |       ||    35
       Plate armour      |       |       |    17 |   171 |    52 ||   240
Dodge: Dodged            |    27 |    22 |   122 |   170 |    39 ||   380

Table legend: (Time is in decaauts)
 A = Elapsed time spent in this place.
 B = Non-inter-level travel time spent in this place.
 C = Inter-level travel time spent in this place.
 D = Time resting spent in this place.
 E = Time spent auto-exploring this place.
 F = Levels seen in this place.
 G = Mean time per level.
                   A        B        C        D        E       F      G
               +--------+--------+--------+--------+--------+-----+--------+
         Total |  15383 |  14672 |    711 |   6119 |   6618 |  14 | 1098.8 |
       Dungeon |  14246 |  13603 |    643 |   6004 |   5863 |  11 | 1295.1 |
        Temple |    182 |    148 |     34 |      0 |    145 |   1 |  182.0 |
          Lair |    953 |    920 |     33 |    115 |    609 |   2 |  476.5 |
               +--------+--------+--------+--------+--------+-----+--------+

Top non-repeatable levels by time:
     D:6: 1965 daAuts
     D:8: 1814 daAuts
    D:10: 1621 daAuts
     D:4: 1442 daAuts
     D:9: 1407 daAuts
     D:3: 1278 daAuts
     D:7: 1174 daAuts
     D:5: 1154 daAuts
     D:1: 1084 daAuts
  Lair:1: 947 daAuts
    D:11: 860 daAuts
     D:2: 444 daAuts
  Temple: 182 daAuts
  Lair:2: 6 daAuts
